Unix NetHack Version 5.0.0-0 post-release - last build Jun 10 2026 00:39:30 (3ee93aec679c4c4259841fe613dc97188e26a321,branch:main).

Game began 2026-06-24 19:14:14, ended 2026-06-24 19:57:03.

Ch3Begorrah, chaotic male human Rogue

                        -----------------------------
                        |....|.....^....%.......%.@.|
                        |....|.....----------------||
                        |..........|      |.........|
                        |....|.....|      |.........|
                        |....|.....|      |.........|
                        |-.---------      |.........|
                        |....|....|       |....<....|
                        |......0..---     |.........|
                        |...0|000..>|     |.........|
                        |....|....---     |.........|
                        -----------       -----------

Ch3Begorrah the Rogue   St:13 Dx:18 Co:16 In:11 Wi:10 Ch:6  Chaotic
Dlvl:5  $:106 HP:0(50) Pw:28(28) AC:4  Xp:6 T:3915  Blind

Latest messages:
 The giant ant bites!
 The giant ant bites!
 You are now more skilled in dagger.
 In what direction? l
 The dagger hits the giant ant!
 The giant ant bites!
 The giant ant bites!
 In what direction? l
 You throw 2 daggers.
 The 1st dagger hits the giant ant.
 You kill the giant ant!
 K - 4 +2 daggers (at the ready) (11 in total).
 s - a pair of mud boots.
 What do you want to wear? [*] <esc>
 Never mind.
 K - a +2 dagger (at the ready) (12 in total).
 The giant ant bites!
 The giant ant bites!
 The dust vortex engulfs you!
 You can't see in here!
 You hit the dust vortex.
 You hit the dust vortex.
 You get expelled!
 It hits!
 You hit it.
 It hits!
 It just misses!
 It bites!
 It engulfs you!
 What do you want to drink? [dm or ?*] ?
 You have a peculiar feeling for a moment, then it passes.
 What do you want to take off? [NO or ?*] N
 You finish taking off your shoes.
 What do you want to wear? [sN or ?*] ?
 You get expelled!
 It hits!
 It hits!
 It hits again!
 It bites!
 It engulfs you!
 You finish your dressing maneuver.
 What do you want to zap? [h or ?*] h
 In what direction? h
 You get expelled!
 It hits!
 It hits again!
 It just misses!
 It hits!
 You die...
 Do you want your possessions identified? [ynq] (y) q

Inventory:
 Coins    ('$')
  $ - 106 gold pieces
 Weapons  (')')
  M - a +0 boomerang
  I - a +2 dagger (weapon in right hand)
  K - 12 +2 daggers (at the ready)
 Armor    ('[')
  s - an uncursed +2 pair of fumble boots (being worn)
  N - an uncursed rusty +0 pair of iron shoes
  O - an uncursed +0 dwarvish cloak (being worn)
  c - an uncursed +1 leather armor (being worn)
 Comestibles  ('%')
  X - an uncursed fortune cookie
  g - an uncursed egg
 Scrolls  ('?')
  F - 2 uncursed scrolls of confuse monster
  n - a blessed scroll of earth
  l - an uncursed scroll of earth
  E - a blessed scroll of enchant armor
  D - 3 uncursed scrolls of enchant armor
  B - 3 uncursed scrolls of enchant weapon
  J - an uncursed scroll of gold detection
  y - an uncursed scroll of identify
  i - 3 uncursed scrolls of remove curse named okl
 Spellbooks  ('+')
  j - an uncursed spellbook of healing
  H - an uncursed spellbook of light
 Potions  ('!')
  m - an uncursed potion of invisibility
  d - an uncursed potion of sickness
 Rings    ('=')
  k - an uncursed ring of shock resistance named ok
  p - an uncursed ring of slow digestion
  r - a cursed ring of warning
 Wands    ('/')
  h - a wand of make invisible (0:7)
 Tools    ('(')
  f - an empty uncursed sack
  x - an uncursed blindfold
  b - an uncursed leash
  e - an uncursed lock pick
  V - a magic marker (0:97)
  Z - an uncursed stethoscope
 Gems/Stones  ('*')
  L - an uncursed worthless piece of black glass
  Y - an uncursed worthless piece of orange glass
  T - 2 uncursed worthless pieces of violet glass

Ch3Begorrah the Rogue's attributes:

Background:
 You were a Rogue, level 6 male human.
 You were chaotic, nominally on a mission for Kos
 who was opposed by Issek (lawful) and Mog (neutral).
 You were right-handed.
 You were in Sokoban, on level 5.
 You entered the dungeon 3915 turns ago.
 You had 464 experience points, 176 more were needed to attain level 7.

Basics:
 You had 0 out of 50 hit points.
 You had all 28 energy points (spell power).
 Your armor class was 4.
 Your wallet contained 106 zorkmids.
 Autopickup was on for '$!/(' plus thrown, with exceptions.

Final Characteristics:
 Your strength was 13 (limit:18/100).
 Your dexterity was 18 (limit:18).
 Your constitution was 16 (limit:18).
 Your intelligence was 11 (limit:18).
 Your wisdom was 10 (limit:18).
 Your charisma was 6 (limit:18).

Final Status:
 You were temporarily blind.
 You fumbled.
 You weren't hungry.
 You were unencumbered.
 You were wielding a dagger.
 You were skilled in dagger.

Final Attributes:
 You were piously aligned.
 Your items were somewhat protected from fire.
 Your items were somewhat protected from cold.
 You were poison resistant.
 You were invisible.
 You were stealthy.
 You were warded.
 You are dead.

Miscellaneous:
 You didn't encounter any bones levels.
 Total elapsed playing time was 33 minutes and 49 seconds.

Major events:
 Turn
    1: Ch3Begorrah the chaotic male human Rogue entered the dungeon
  854: entered the Gnomish Mines
  859: attained the rank of Cutpurse (level 3)
 2640: attained the rank of Rogue (level 6)
 2851: entered Sokoban
 3266: completed 1st Sokoban level
 3818: completed 2nd Sokoban level
 3915: killed by an invisible dust vortex

You didn't know any spells.

Skills:
 Fighting Skills
   bare handed combat [Unskilled]
   two weapon combat  [Unskilled]
   riding             [Unskilled]
 Weapon Skills
   dagger             [Skilled]
   knife              [Unskilled]
   short sword        [Basic]
   broadsword         [Unskilled]
   long sword         [Unskilled]
   two-handed sword   [Unskilled]
   saber              [Unskilled]
   club               [Unskilled]
   mace               [Unskilled]
   morning star       [Unskilled]
   flail              [Unskilled]
   hammer             [Unskilled]
   polearms           [Unskilled]
   spear              [Unskilled]
   crossbow           [Unskilled]
   dart               [Unskilled]
   shuriken           [Unskilled]
 Spellcasting Skills
   divination spells  [Unskilled]
   escape spells      [Unskilled]
   matter spells      [Unskilled]

Voluntary challenges:
 Character rerolling was not enabled.
 You followed a strict vegan diet.
 You were an atheist.
 You never genocided any monsters.
 You never polymorphed an object.
 You never changed form.
 You used no wishes.
 You did not violate any of the special Sokoban rules.
Achievements:
 You entered the Gnomish Mines.
 You attained the rank of Cutpurse.
 You entered a shop.
 You attained the rank of Rogue.
 You entered Sokoban.

 The Dungeons of Doom: levels 1 to 7
    Level 1:
       Some fountains.
    Level 2:
       An altar to Kos, a fountain.
    Level 3:
       A scroll shop.
       Stairs down to The Gnomish Mines.
    Level 4:
       A fountain.
    Level 5:
       An altar, a fountain.
    Level 6:
       Many fountains.
       Oracle of Delphi.
    Level 7:
       A fountain.
       Stairs up to Sokoban, level 6.
 The Gnomish Mines:
    Level 4:
 Sokoban: levels 6 up to 5
    Level 5: <- You were here.
       Solved.
       Final resting place for
          you, killed by an invisible dust vortex.
    Level 6:
       Solved.


Vanquished creatures:
  a winter wolf cub
  a housecat
  a blue jelly
  2 gnome mummies
 an ape
  a mountain nymph
  7 Mordor orcs
  a fog cloud
  a yellow light
  a shrieker
  a gnome leader
  a gray ooze
  2 giant ants
  2 floating eyes
  a dwarf
  a kobold leader
  2 giant bats
  2 dwarf zombies
  a werejackal
  2 iguanas
  2 acid blobs
  2 giant rats
  a yellow mold
  2 green molds
  a red mold
  6 gnomes
  a garter snake
  4 geckos
  7 jackals
  2 goblins
  2 sewer rats
  5 grid bugs
  4 bats
  2 lichens
  3 newts
76 creatures vanquished.

No species were genocided or became extinct.

Game over:
                       ----------
                      /          \
                     /    REST    \
                    /      IN      \
                   /     PEACE      \
                  /                  \
                  |   Ch3Begorrah    |
                  |      106 Au      |
                  |   killed by an   |
                  |  invisible dust  |
                  |      vortex      |
                  |                  |
                  |       2026       |
                 *|     *  *  *      | *
        _________)/\\_//(\/(/\)/\//\/|_)_______

Goodbye Ch3Begorrah the Rogue...

You died in Sokoban on dungeon level 5 with 2292 points,
and 106 pieces of gold, after 3915 moves.
You were level 6 with a maximum of 50 hit points when you died.

